 Dungeon Sprint DCSS version 0.24.0-37-gcf1ca852f1 (webtiles) character file.

Game seed: 10022079416301967192, levelgen mode: deterministic

1948 theswoord the Severer (level 8, -8/62 HPs)
             Began as a Demonspawn Fighter on Nov 26, 2019.
             Was a Priest of Kikubaaqudgha.
             Shot with an arrow by a deep elf archer (10 damage)
             ... in the Dungeon (Sprint V: "Ziggurat Sprint").
             The game lasted 00:03:33 (382 turns).

theswoord the Severer (Demonspawn Fighter)           Turns: 382, Time: 00:03:34

Health: -8/62      AC: 22    Str: 22    XL:     8   Next: 98%
Magic:  0/8        EV:  5    Int: 10    God:    Kikubaaqudgha [***...]
Gold:   0          SH:  0    Dex: 21    Spells: 7/7 levels left

rFire    . . .     SeeInvis .   z - +13 scythe of Curses {drain, *Curse} (curse)
rCold    . . .     Gourm    .   (shield currently unavailable)
rNeg     . . .     Faith    .   C - +5 crystal plate armour (curse)
rPois    .         Spirit   +   (helmet restricted)
rElec    .         Reflect  .   (no cloak)
rCorr    .         Harm     .   (no gloves)
MR       .....     NoTele   +   (no boots)
Stlth    ..........             o - amulet of guardian spirit (curse)
HPRegen  0.20/turn              A - +6 ring of dexterity (curse)
MPRegen  0.11/turn              B - +6 ring of strength (curse)

@: berserk cooldown, slowed, very slow
A: horns 2, thin metallic scales 1, demonic guardian 1, rot immunity
a: Receive Corpses, Renounce Religion


You were in the Dungeon.
You worshipped Kikubaaqudgha.
Kikubaaqudgha was most pleased with you.
You were not hungry.

You visited 1 branch

Inventory:

Hand Weapons
 a - a cursed +0 war axe
 z - the cursed +13 scythe of Curses (weapon) {drain, *Curse}
   (You found it in the Dungeon)

   A truly terrible weapon, it drains the life of those it strikes.
   It curses itself when equipped.
   It has a curse placed upon it.
 D - a cursed +5 executioner's axe
Armour
 b - a cursed +0 scale mail
 c - a cursed +0 shield
 C - a cursed +5 crystal plate armour (worn)
Jewellery
 o - a cursed amulet of guardian spirit (around neck)
 A - a cursed +6 ring of dexterity (left hand)
 B - a cursed +6 ring of strength (right hand)
Wands
 w - a wand of disintegration (7)
 x - a wand of iceblast (7)
 y - a wand of acid (7)
Scrolls
 k - 4 scrolls of blinking
 q - 4 scrolls of amnesia
 r - 7 scrolls of fog
 s - a scroll of holy word
 t - 5 scrolls of identify
 u - 5 scrolls of remove curse
 v - 2 scrolls of fear
Potions
 d - 6 potions of might
 e - 10 potions of curing
 g - 8 potions of heal wounds
 h - 6 potions of haste
 i - 7 potions of magic
 j - 2 potions of berserk rage
 l - 2 potions of brilliance
 m - 2 potions of invisibility
 n - 4 potions of resistance
 p - 5 potions of agility
Comestibles
 f - 7 rations


   Skills:
 - Level 5.2 Fighting
 + Level 16.7 Axes
 - Level 2.6 Armour
 - Level 3.6 Dodging
 - Level 2.6 Shields


You had 7 spell levels left.
You didn't know any spells.
Your spell library contained the following spells:

 Spells                   Type           Power        Failure   Level  Hunger
 Corona                   Hex            #......      100%        1    ##.....
 Sandblast                Erth           #.....       100%        1    ##.....
 Passwall                 Tmut/Erth      #.......     100%        2    ###....
 Ignite Poison            Fire/Tmut/Pois #.......     100%        3    ####...
 Stone Arrow              Conj/Erth      #.....       100%        3    ####...
 Summon Guardian Golem    Hex/Summ       #.......     100%        3    ####...
 Cause Fear               Hex            #.........   100%        4    #####..
 Petrify                  Tmut/Erth      #.......     100%        4    #####..
 Lee's Rapid Deconstruct  Erth           #.........   100%        5    ######.
 Metabolic Englaciation   Hex/Ice        #.........   100%        5    ######.


Dungeon Overview and Level Annotations

Branches:
Dungeon (1/1)

Altars:
Ashenzari
Cheibriados
Dithmenos
Elyvilon
Fedhas
Gozag
Hepliaklqana
Kikubaaqudgha
Makhleb
Nemelex Xobeh
Okawaru
Qazlal
Ru
Sif Muna
Trog
Uskayaw
Vehumet
Wu Jian
Xom
Yredelemnul
Zin
The Shining One
Beogh
Jiyva
Lugonu

Annotations:
D 1 transporter


Innate Abilities, Weirdness & Mutations

You have a pair of horns on your head.
You are partially covered in thin metallic scales. (AC +2)
A weak demonic guardian rushes to your aid.
You are immune to rotting.


Message History

You slash the deep elf archer!
The deep elf archer is lightly wounded.
The deep elf archer blinks!
The deep elf archer points at you and mumbles some strange words.
You struggle to resist.
The deep elf archer unwields a +0 dagger.
The deep elf archer wields a +0 longbow.
The deep elf archer shoots an arrow.
The arrow hits you.
* * * LOW HITPOINT WARNING * * *
You see here an arrow.
The deep elf archer shoots an arrow.
The arrow hits you.
* * * LOW HITPOINT WARNING * * *
Things that are here:
an arrow; a book of Callings The deep elf archer shoots an arrow.
The arrow hits you!
* * * LOW HITPOINT WARNING * * *
You see here an arrow.
The deep elf archer shoots an arrow.
The arrow hits you!
You die...
Kikubaaqudgha rasps: "You have failed me!
Welcome... death!"

▓..)..▓.....▓.).}.▓
▓.....▓.....▓.....▓
▓..)..▓..)..▓.....▓
▓.÷÷..▓..:..▓..©..▓
▓..©..▓..©..▓▓▓▓▓▓▓
▓▓▓▓▓▓▓▓▓▓▓▓▓▓
▓..8©8...▓
▓..=|}...▓
▓..((5@.e▓
▓........▓
▓........▓
▓.▓))..▓.▓
▓...©....▓
▓▓▓▓▓▓▓▓▓▓


You could see a deep elf archer and a friendly quasit.

Vanquished Creatures
  A dancing weapon (D)
  2 deep elf magi (D)
  2 water moccasins (D)
  A black bear (D)
  A wolf (D)
  A wight (D)
  An adder skeleton (D)
9 creatures vanquished.

Vanquished Creatures (collateral kills)
  A naga (D)
  An adder (D)
  A ball python skeleton (D)
3 creatures vanquished.

Vanquished Creatures (others)
  Terence (D)
1 creature vanquished.

Grand Total: 13 creatures vanquished

Notes
Turn   | Place    | Note
-------+----------+-------------------------------------------
     0 | D        | theswoord the Demonspawn Fighter began the quest for the
                  | Orb.
     0 | D        | Reached XP level 1. HP: 18/18 MP: 1/1
     0 | D        | Found a shimmering blue altar of Sif Muna.
     0 | D        | Found a sacrificial altar of Ru.
     0 | D        | Found a bloodstained altar of Trog.
     0 | D        | Found a stormy altar of Qazlal.
     0 | D        | Found an iron altar of Okawaru.
     0 | D        | Found a sparkling altar of Nemelex Xobeh.
     0 | D        | Found a blossoming altar of Fedhas.
     1 | D        | Found the +6 Majin-Bo {vamp, Archmagi MP+6 Int+6}
     1 | D        | Found the +7 great mace "Firestarter" {inner flame, rF++}
     2 | D        | Found a transporter.
     2 | D        | Found an ancient bone altar of Kikubaaqudgha.
     2 | D        | Found a viscous altar of Jiyva.
     2 | D        | Found a corrupted altar of Lugonu.
     2 | D        | Found a hazy altar of Hepliaklqana.
     2 | D        | Found a burning altar of Makhleb.
     2 | D        | Found an opulent altar of Gozag.
     9 | D        | Killed Terence
    35 | D        | Found the +9 heavy crossbow "Sniper" {velocity, Acc+∞ SInv}
    35 | D        | Found the +10 dark maul {crush}
    35 | D        | Found the +15 Maxwell's patent armour {-Cast -Tele rElec
                  | MR+ rCorr}
    35 | D        | Found the +18 shield of the Gong {rElec rN+ MR+ EV-5}
    35 | D        | Found the cursed +14 obsidian axe {chop, +Fly SInv *Curse}
    36 | D        | Found the +6 shillelagh "Devastator" {shatter}
    36 | D        | Found the +11 plutonium sword {*Contam Stlth-}
    36 | D        | Found the +8 lance "Wyrmbane" {slay drac, rPois rF+ rC+
                  | AC+3}
    36 | D        | Found the +9 sword of Zonguldrok {reap}
    36 | D        | Found the cursed +13 scythe of Curses {drain, *Curse}
    36 | D        | Found the +0 sword of Power
    36 | D        | Found the +7 mace of Variability {chain chaos}
    36 | D        | Found the +7 Singing Sword {slice, sonic wave}
    36 | D        | Found the +8 storm bow {elec, penet}
    69 | D        | Became a worshipper of Kikubaaqudgha
    77 | D        | Reached skill level 5 in Fighting
    77 | D        | Reached skill level 4 in Axes
    77 | D        | Gained mutation: You are partially covered in thin metallic
                  | scales. (AC +2) [demonic ancestry]
    77 | D        | Reached XP level 2. HP: 27/27 MP: 2/2
    94 | D        | Entered arena 2.
    94 | D        | Noticed a wolf
    94 | D        | Noticed a black bear
    94 | D        | Found a transporter.
    95 | D        | Killed a wolf
    95 | D        | Reached skill level 7 in Axes
    95 | D        | Gained mutation: A weak demonic guardian rushes to your
                  | aid. [demonic ancestry]
    95 | D        | Reached XP level 3. HP: 33/33 MP: 3/3
    95 | D        | Reached XP level 4. HP: 39/39 MP: 4/4
    97 | D        | Killed a black bear
    97 | D        | Reached skill level 9 in Axes
    97 | D        | Reached XP level 5. HP: 41/44 MP: 5/5
   113 | D        | Entered arena 3.
   113 | D        | Found a transporter.
   116 | D        | Reached * piety under Kikubaaqudgha
   116 | D        | Identified Kikubaaqudgha's Almanac of Black Rites
                  | (Kikubaaqudgha gifted it to you in the Dungeon)
   116 | D        | Received a gift from Kikubaaqudgha
   117 | D        | Reached skill level 10 in Axes
   125 | D        | Entered arena 4.
   125 | D        | Noticed a water moccasin
   125 | D        | Noticed a naga
   125 | D        | Noticed a water moccasin
   125 | D        | Found a transporter.
   131 | D        | Killed a water moccasin
   131 | D        | Reached ** piety under Kikubaaqudgha
   131 | D        | Reached skill level 11 in Axes
   131 | D        | Gained mutation: You have a pair of small horns on your
                  | head. [demonic ancestry]
   131 | D        | Reached XP level 6. HP: 10/51 MP: 6/6
   134 | D        | Killed a water moccasin
   136 | D        | Killed a naga
   136 | D        | Reached skill level 12 in Axes
   364 | D        | Got the Guide on Entrancing Contamination
   367 | D        | Entered arena 5.
   367 | D        | Noticed a deep elf mage
   367 | D        | Noticed a deep elf mage
   367 | D        | Noticed a deep elf archer
   367 | D        | Noticed a +3 scimitar of holy wrath
   367 | D        | Found a transporter.
   370 | D        | Killed a +3 scimitar of holy wrath
   370 | D        | Reached *** piety under Kikubaaqudgha
   370 | D        | Identified Kikubaaqudgha's Almanac of Darkness
                  | (Kikubaaqudgha gifted it to you in the Dungeon)
   370 | D        | Received a gift from Kikubaaqudgha
   370 | D        | Reached skill level 14 in Axes
   370 | D        | Gained mutation: You are immune to rotting. [demonic
                  | ancestry]
   370 | D        | Reached XP level 7. HP: 50/56 MP: 0/7
   370 | D        | Gained mutation: You have a pair of horns on your head.
                  | [demonic ancestry]
   370 | D        | Reached XP level 8. HP: 56/62 MP: 0/8
   373 | D        | Killed a deep elf mage
   373 | D        | Reached skill level 15 in Axes
   374 | D        | Killed a deep elf mage
   374 | D        | Reached skill level 16 in Axes
   381 | D        | HP: 1/62 [deep elf archer/arrow (14)]
   382 | D        | Shot with an arrow by a deep elf archer

Skill      XL: |  1  2  3  4  5  6  7  8 |
---------------+-------------------------+-----
Fighting       | 5 |  5.2
Axes           | 4 7 9 11 14 16 | 16.7
Dodging        | 3 |  3.6
Armour         | |  2.6
Shields        | |  2.6

Action                   |  1- 3 |  4- 6 |  7- 9 || total
-------------------------+-------+-------+-------++-------
Melee: Scythe            |     1 |    17 |     5 ||    23
       Headbutt          |       |     1 |     1 ||     2
  Use: Potion            |     1 |     3 |       ||     4
Armor: Crystal plate arm |       |    24 |     4 ||    28
Dodge: Dodged            |       |    12 |       ||    12

Levels and vault maps discovered:
D:        sprint_v [room_start, room_1, room_2, room_3, room_4, room_5, room_6,
          room_7, room_8, room_9, room_10, room_11, room_12, room_13, room_14,
          room_15, room_16, room_17, room_18, room_19, room_20, room_21,
          room_22, room_23, room_24, room_25, room_26, room_27]
